 Dungeon Crawl Stone Soup version 0.19-a0-1468-ge013c26 (webtiles) character file.

457 epen the Insei (level 7, 0/43 HPs)
             Began as a Tengu Monk on Sept 7, 2016.
             Slain by an orc priest
             ... wielding a +0 trident
              (10 damage)
             ... on level 4 of the Dungeon.
             The game lasted 00:07:24 (5216 turns).

epen the Insei (Tengu Monk)                         Turns: 5216, Time: 00:07:25

Health: 0/43       AC:  3    Str: 11    XL:     7   Next: 6%
Magic:  12/12      EV: 15    Int: 11    God:
Gold:   179        SH:  0    Dex: 20    Spells: 0 memorised, 11 levels left

rFire  . . .     SeeInvis .     c - +2 short sword (venom)
rCold  . . .     Gourm    .     a - +1 robe
rNeg   . . .     Faith    +     (no shield)
rPois  .         Spirit   .     (helmet restricted)
rElec  .         Dismiss  .     (no cloak)
rCorr  .         Reflect  .     (no gloves)
MR     .....     Harm     .     (boots unavailable)
Stlth  ++........               l - amulet of faith
                                (no ring)
                                h - +2 ring of dexterity

@: no status effects
A: beak, talons 3, able to fly 1
a: Fly


You were on level 4 of the Dungeon.
You were not hungry.

You visited 1 branch of the dungeon, and saw 4 of its levels.
You also visited: Sewer.

You collected 179 gold pieces.

Inventory:

Hand Weapons
 c - a +2 short sword of venom (weapon)
Armour
 a - a +1 robe (worn)
Jewellery
 h - a +2 ring of dexterity (left hand)
 l - an amulet of faith (around neck)
Scrolls
 k - 4 scrolls of remove curse
Potions
 d - 3 potions of might {unknown}
 e - a potion of magic {unknown}
 f - 3 potions of agility {unknown}
 g - 5 potions of heal wounds {unknown}
 j - 2 potions of curing
 m - a potion of brilliance
 u - a potion of berserk rage
Comestibles
 b - 3 bread rations
 i - a beef jerky
 n - a slice of pizza
 o - 8 chunks of flesh


   Skills:
 + Level 4.3 Fighting
 + Level 4.5 Dodging
 - Level 2.0 Stealth
 * Level 6.0 Unarmed Combat
 + Level 2.6 Spellcasting


You had 11 spell levels left.
You didn't know any spells.

Dungeon Overview and Level Annotations

Branches:
Dungeon (4/15)
 Temple: D:4-7

Altars:
Fedhas
Kikubaaqudgha
Nemelex Xobeh
Ru
Vehumet
Zin

Annotations:
D:3 exclusion: oklob plant
D:4 Pikel; Xiguana's ghost, amateur DsCK


Innate Abilities, Weirdness & Mutations

You have a beak for a mouth.
You have claws for feet.
You can fly.


Message History

The orc priest is lightly wounded.
The orc priest hits you with a trident.
You puncture the orc priest! Your kick misses the orc priest.
The orc priest is heavily wounded.
The orc priest mumbles some strange prayers to Beogh against you.
Beogh smites you!
You barely miss the orc priest. You claw the orc priest.
Your peck misses the orc priest.
The orc priest is severely wounded.
The orc priest hits you with a trident.
You completely miss the orc priest. You claw the orc priest.
The orc priest is severely wounded.
The orc priest hits you with a trident.
* * * LOW HITPOINT WARNING * * *
You closely miss the orc priest.
You claw the orc priest, but do no damage.
You peck the orc priest.
The orc priest is almost dead.
The orc priest hits you with a trident!
You die...

****###....o###### ##'#.# #
*,,,........W....# #_#.#
*,**###....#####.# #'#.# *,*
#....* #.# #.o.# *,* #....*
###'##########*
*,****########...........,,*
*,,,,,,,,................,,*
*********#####...........,,*
#..@o.......,,*
#...........,,*
#...........,,*
#...(.......,,*
#...........,,* ****
######...........,,***,,,
#.....(.........K,,,,,,..
#.####..........p,,,,*+#.
#.##########.....,,,**,##


You could see an orc priest.

Vanquished Creatures
  A slave (D:4)
  2 big kobolds (Sewer)
  An iguana (D:4)
  A worker ant (D:4)
  11 adders
  5 river rats (Sewer)
  An ooze (D:3)
  A dart slug (D:1)
  A giant gecko (D:3)
  10 orcs
  4 ball pythons (Sewer)
  10 bats
  A giant cockroach (D:3)
  5 goblins
  5 hobgoblins
  11 jackals
  A quokka (D:3)
  9 giant newts
  23 kobolds
  28 rats
131 creatures vanquished.

Vanquished Creatures (others)
  Ijyb (D:2)
  A hobgoblin (D:2)
  A jackal (D:4)
3 creatures vanquished.

Grand Total: 134 creatures vanquished

Notes
Turn   | Place    | Note
-------+----------+-------------------------------------------
     0 | D:1      | epen the Tengu Monk began the quest for the Orb.
     0 | D:1      | Reached XP level 1. HP: 14/14 MP: 2/2
   206 | D:1      | Reached XP level 2. HP: 17/19 MP: 3/3
   457 | D:1      | Reached skill level 1 in Spellcasting
   520 | D:1      | Reached XP level 3. HP: 21/23 MP: 5/5
  1034 | D:2      | Reached skill level 4 in Unarmed Combat
  1041 | D:2      | Killed Ijyb
  1197 | D:2      | You fall through a shaft!
  1205 | D:3      | Reached XP level 4. HP: 28/28 MP: 7/7
  1395 | D:2      | Found a radiant altar of Vehumet.
  1552 | D:2      | Found an ancient bone altar of Kikubaaqudgha.
  2322 | D:3      | Gained mutation: You can fly. [Tengu growth]
  2322 | D:3      | Reached XP level 5. HP: 19/33 MP: 8/8
  2521 | D:3      | Found a sacrificial altar of Ru.
  2903 | D:3      | Found a blossoming altar of Fedhas.
  2916 | D:3      | Noticed an oklob plant
  3068 | D:4      | Reached skill level 5 in Unarmed Combat
  3151 | D:4      | Found a sparkling altar of Nemelex Xobeh.
  3200 | D:4      | Found a glowing silver altar of Zin.
  3212 | D:4      | Noticed Xiguana's ghost (amateur DsCK)
  3230 | D:4      | Noticed a slave
  3230 | D:4      | Noticed a slave
  3231 | D:4      | Noticed a slave
  3232 | D:4      | Noticed Pikel
  3232 | D:4      | Noticed a slave
  3244 | D:4      | Found a glowing drain.
  3256 | Sewer    | Entered a sewer
  3499 | Sewer    | Reached XP level 6. HP: 29/38 MP: 10/10
  4739 | Sewer    | Reached skill level 6 in Unarmed Combat
  4739 | Sewer    | Reached XP level 7. HP: 24/43 MP: 11/11
  5216 | D:4      | Slain by an orc priest

Vault maps used:
D:1:      ncdulo_wetmaze
D:2:      minmay_wonky_spiral, fiery_altar_vehumet, kiku_gazebo_pond_becter,
          uniq_iyjb
D:3:      lemuel_crystal_altar, tgw_fedhas, first_bread, minmay_misc_feat_iff
D:4:      elyvilon_altar_4, kennysheep_mini, overflow_temple_1_default,
          portal_sewer_entry_d, minmay_misc_feat_nine_boxes,
          minmay_divided_ellipse, uniq_natasha, uniq_pikel
Sewer:    sewer_minmay_treatment

Skill      XL: |  1  2  3  4  5  6 |
---------------+-------------------+-----
Spellcasting   | 1 2 |  2.6
Unarmed Combat | 4 5 6 |  6.0
Dodging        | 4 |  4.5
Fighting       | 4 |  4.3
Stealth        | |  2.0

Action                   |  1- 3 |  4- 6 |  7- 9 || total
-------------------------+-------+-------+-------++-------
Melee: Unarmed           |    85 |   240 |       ||   325
       Kick              |    22 |    57 |     7 ||    86
       Peck              |    17 |    48 |     3 ||    68
       Punch             |     1 |     5 |       ||     6
       Short sword       |       |    16 |    26 ||    42
 Abil: Fly               |       |     2 |       ||     2
  Use: Scroll            |       |    10 |     1 ||    11
       Potion            |       |     5 |       ||     5
 Stab: Sleeping          |     4 |     7 |       ||    11
       Distracted        |     1 |       |     1 ||     2
  Eat: Chunk             |     1 |     8 |       ||     9
       Meat ration       |       |     1 |       ||     1
Armor: Robe              |    13 |    36 |     3 ||    52
       Skin              |       |    66 |       ||    66
Dodge: Dodged            |    48 |   213 |    10 ||   271
